 Dungeon Crawl Stone Soup version 0.29-a0-559-g359e09b9d1 (webtiles) character file.

Game seed: 4731146225154836943

4237 dolemite99 the Cleaver (level 10, -12/123 HPs)
             Began as a Hill Orc Fighter on June 11, 2022.
             Was a Believer of Ashenzari.
             Mangled by a two-headed ogre
             ... wielding a +0 giant spiked club
              (17 damage)
             ... on level 7 of the Dungeon.
             The game lasted 00:13:06 (6986 turns).

dolemite99 the Cleaver (Hill Orc Fighter)           Turns: 6986, Time: 00:13:06

Health: -12/123    AC: 25    Str: 24    XL:     10   Next: 30%
Magic:  10/10      EV:  2    Int:  8    God:    Ashenzari [**....]
Gold:   564        SH: 15    Dex: 10    Spells: 9/9 levels left

rFire   + . .      SeeInvis +   a - +0 war axe
rCold   . . .      Faith    .   n - +0 kite shield
rNeg    . . .      Spirit   .   (body armour currently unavailable)
rPois   +          Reflect  +   (helmet currently unavailable)
rElec   .          Harm     .   (cloak currently unavailable)
rCorr   .          Rampage  .   (gloves currently unavailable)
Will    .....      NoTele   +   (boots currently unavailable)
Stlth   +.........              d - amulet of reflection
HPRegen 0.30/turn               c - ring of Ru's Regard {rPois rF+ SInv}
MPRegen 0.12/turn               (no ring)

@: tree-form
A: stationary, stasis, torment immunity, boosted hp
a: Renounce Religion, Shatter the Chains


You were on level 7 of the Dungeon.
You worshipped Ashenzari.
Ashenzari was pleased with you.
You were a tree.
You visited 2 branches of the dungeon, and saw 8 of its levels.

You collected 564 gold pieces.

Inventory:

Hand Weapons
 a - a +0 war axe (weapon)
 b - the +7 mace of Past Mistakes {antimagic, rC+ rCorr Str+4}
   (You found it on level 4 of the Dungeon)

   It reduces the magical energy of the wielder, and disrupts the spells and
   magical abilities of those it strikes.
   Natural abilities and divine invocations are not affected.
   Str:       It affects your strength (+4).
   rC:        It protects you from cold.
   rCorr:     It protects you from acid and corrosion.
 i - a +0 flail
 y - a +0 hunting sling
 D - a +2 flail of draining
Missiles
 g - 2 boomerangs
 p - 8 poisoned darts
Armour
 k - the cursed +2 pair of boots of the Fated Sorrow (melded) {rF+ rC+ Regen+, Range, Alch}
   (You acquired it on level 4 of the Dungeon)

   rF:        It protects you from fire.
   rC:        It protects you from cold.
   Regen:     It increases your rate of health regeneration.
   It has a curse which improves the following skills: Ranged Combat: Slings,
   Bows, Crossbows and Throwing.
   Alchemy:   Poison Magic and Transmutations.
 m - the cursed +1 cloak "Overhang to Understand" (melded) {Fort, Range}
   (You found it on level 1 of the Dungeon)

   It has a curse which improves the following skills: Fortitude: Armour and
   Shields.
   Ranged Combat: Slings, Bows, Crossbows and Throwing.
 n - a +0 kite shield (worn)
 q - a +0 plate armour (melded)
 u - a +0 scale mail
 C - a +0 buckler
 H - the cursed +0 pair of gloves "Unveiling Fetters" (melded) {Alch, Bglg}
   (You found it on level 5 of the Dungeon)

   It has a curse which improves the following skills: Alchemy: Poison Magic and
   Transmutations.
   Beguiling: Conjurations, Hexes and Translocations.
Jewellery
 c - the ring of Ru's Regard (left branch) {rPois rF+ SInv}
   (You found it on level 4 of the Dungeon)

   [ring of see invisible]

   rF:        It protects you from fire.
   rPois:     It protects you from poison.
   SInv:      It lets you see invisible.
 d - an amulet of reflection (around neck)
 v - a ring of protection from cold
 F - a ring of see invisible
 G - the ring "Goaras" {MP+9 Int+10 Slay+3}
   (You found it on level 5 of the Dungeon)

   [ring of magical power]

   Int:       It affects your intelligence (+10).
   Slay:      It affects your accuracy & damage with ranged weapons and melee
   (+3).
   MP:        It affects your magic capacity (+9).
Wands
 w - a wand of mindburst (7) (quivered)
Scrolls
 j - 2 scrolls of identify {@r1}
 r - a scroll of silence
 t - 2 scrolls of noise
 x - a scroll of fog
 E - a scroll of teleportation
Potions
 e - 2 potions of curing
 f - a potion of lignification
 h - 3 potions of attraction
 l - 2 potions of degeneration
 o - a potion of brilliance
 z - a potion of mutation
 A - 2 potions of flight
 B - a potion of might


   Skills:
 + Level 5.6 Fighting
 - Level 13.1(14.1) Axes
 - Level 7.1(10.1) Maces & Flails
 - Level 3.2 Armour
 - Level 9.1 Shields


You had 9 spell levels left.
You didn't know any spells.
Your spell library contained the following spells:

 Spells                   Type           Power      Damage    Failure   Level
 Shock                    Conj/Air       0%         1d3       71%         1
 Poisonous Vapours        Pois/Air       0%         N/A       83%         2
 Swiftness                Air            0%         N/A       97%         3
 Airstrike                Air            0%         N/A       100%        4
 Animate Dead             Necr           0%         N/A       100%        4
 Corpse Rot               Necr/Pois/Air  0%         N/A       100%        4
 Petrify                  Tmut/Erth      0%         N/A       100%        4
 Borgnjor's Vile Clutch   Necr/Erth      0%         N/A       100%        5
 Metabolic Englaciation   Hex/Ice        0%         N/A       100%        5
 Death Channel            Necr           0%         N/A       100%        6
 Statue Form              Tmut/Erth      0%         N/A       100%        6


Dungeon Overview and Level Annotations

Branches:
Dungeon (7/15)             Temple (1/1) D:4

Altars:
Ashenzari
Cheibriados
Dithmenos
Fedhas
Gozag
Hepliaklqana
Kikubaaqudgha
Makhleb
Nemelex Xobeh
Okawaru
Qazlal
Ru
Sif Muna
Trog
Vehumet
Wu Jian
Xom
Yredelemnul
The Shining One


Message History

The two-headed ogre hits you with a +0 giant spiked club!
You block the two-headed ogre's attack.
You hit the two-headed ogre.
The two-headed ogre is lightly wounded.
You block the two-headed ogre's attack.
The two-headed ogre hits you with a +0 giant club.
You barely miss the two-headed ogre.
The two-headed ogre is lightly wounded.
You barely miss the two-headed ogre.
The two-headed ogre is lightly wounded.
The two-headed ogre completely misses you.
You block the two-headed ogre's attack.
You hit the two-headed ogre but do no damage.
The two-headed ogre is lightly wounded.
You hit the two-headed ogre.
The two-headed ogre is lightly wounded.
The two-headed ogre completely misses you.
The two-headed ogre hits you with a +0 giant club.
You hit the two-headed ogre but do no damage.
The two-headed ogre is lightly wounded.
You block the two-headed ogre's attack. x2
You slash the two-headed ogre!
The two-headed ogre is moderately wounded.
You slash the two-headed ogre!
The two-headed ogre is heavily wounded.
The two-headed ogre hits you with a +0 giant spiked club!
The two-headed ogre hits you with a +0 giant club!
* * * LOW HITPOINT WARNING * * *
You hit the two-headed ogre but do no damage.
The two-headed ogre is heavily wounded.
The two-headed ogre hits you with a +0 giant spiked club!!
* * * LOW HITPOINT WARNING * * *
You block the two-headed ogre's attack.
You slash the two-headed ogre!
The two-headed ogre is severely wounded.
You slash the two-headed ogre!
The two-headed ogre is almost dead.
You block the two-headed ogre's attack.
The two-headed ogre hits you with a +0 giant club!
You die...

,*,+,,,........'....'......)....'
,*,*,,,........#..^.#...........#
,*.****##########################
,*..,,,,#.'..............'.#..)..
,*,.O,,,#.#..............#.#..))†
,*,###+*#.#...)........).#.##'###
,*,#...,#)#..............#.#)†).#
,*,#....###'############'###)†).#
**+#....'......O♣##......)))..).#
,,,############################'#
,,,*,,,,,,,,,,,,,,,,,.....o....)#
****≈≈≈≈≈≈≈≈≈≈≈≈≈≈≈≈≈≈≈≈≈≈≈≈≈≈≈≈#
≈≈≈≈≈≈≈≈≈≈≈≈≈≈≈≈≈≈≈≈≈≈≈≈≈≈≈≈≈≈≈≈≈
≈≈≈≈≈≈≈≈≈≈≈≈≈≈≈≈≈≈≈≈≈≈≈≈≈≈≈≈≈≈≈≈≈
,,,,,,,,,,,,,,,,,,,,,...P........
,,,,,,,,,,,,,,,,,,,,,............
*********************############


You could see a two-headed ogre.

Vanquished Creatures
  Pikel (D:6)
  Sigmund (D:2)
  3 wargs (D:7)
  2 orc warriors (D:7)
  3 sky beasts
  2 ogres (D:7)
  A lemure (D:6)
  2 centaurs
  2 kobold brigands (D:7)
  4 gnoll sergeants
  2 bullfrogs
  A necrophage (D:5)
  4 scorpions
  5 howler monkeys
  11 hounds
  3 jellies
  2 gnoll shamans
  6 orc priests (D:7)
  4 iguanas
  10 orc wizards
  22 gnolls
  8 adders
  3 shadow imps (D:6)
  A white imp (D:7)
  A worm (D:3)
  2 dart slugs
  24 orcs
  9 ball pythons
  6 endoplasms
  2 giant cockroaches
  6 goblins
  10 hobgoblins
  12 jackals
  5 kobolds
  4 quokkas
  A bat (D:3)
  A frilled lizard (D:3)
  4 rats
190 creatures vanquished.

Vanquished Creatures (others)
  A kobold brigand (D:7)
  11 plants
12 creatures vanquished.

Grand Total: 202 creatures vanquished

Notes
Turn   | Place    | Note
-------+----------+-------------------------------------------
     0 | D:1      | dolemite99 the Hill Orc Fighter began the quest for the
                  | Orb.
     0 | D:1      | Reached XP level 1. HP: 19/19 MP: 1/1
    42 | D:1      | Reached skill level 3 in Axes
   105 | D:1      | Reached XP level 2. HP: 26/26 MP: 2/2
   423 | D:1      | Reached skill level 4 in Axes
   708 | D:2      | Reached XP level 3. HP: 31/31 MP: 3/3
   713 | D:2      | Reached skill level 5 in Axes
   729 | D:2      | Noticed Sigmund
   738 | D:2      | Killed Sigmund
   739 | D:2      | Reached skill level 7 in Axes
   739 | D:2      | Reached XP level 4. HP: 17/39 MP: 4/4
   739 | D:2      | Reached XP level 5. HP: 19/45 MP: 5/5
  1984 | D:3      | Reached skill level 8 in Axes
  1984 | D:3      | Reached XP level 6. HP: 51/51 MP: 6/6
  2361 | D:4      | Identified a scroll of acquirement
  2361 | D:4      | Acquired the +2 pair of boots of Refuge {rF+ rC+ Regen+}
  2447 | D:4      | Found a staircase to the Ecumenical Temple.
  2460 | Temple   | Entered the Ecumenical Temple
  2554 | Temple   | Became a worshipper of Ashenzari the Shackled
  2776 | D:4      | Identified the +7 mace of Past Mistakes {antimagic, rC+
                  | rCorr Str+4}
  2783 | D:4      | Reached skill level 9 in Axes
  2959 | D:4      | Reached XP level 7. HP: 57/57 MP: 2/7
  2996 | D:4      | Identified the ring of Ru's Regard {rPois rF+ SInv}
  3386 | D:5      | Entered Level 5 of the Dungeon
  3596 | D:5      | Identified the ring "Goaras" {MP+9 Int+10 Slay+3}
  3688 | D:5      | Reached skill level 5 in Maces & Flails
  4735 | D:6      | Reached XP level 8. HP: 24/64 MP: 2/8
  5213 | D:6      | Found a radiant altar of Vehumet.
  5216 | D:6      | Reached * piety under Ashenzari
  5221 | D:6      | Found a shimmering blue altar of Sif Muna.
  5242 | D:6      | Found a shimmering altar of Xom.
  5260 | D:6      | Found a burning altar of Makhleb.
  5279 | D:6      | Noticed Pikel
  5290 | D:6      | Killed Pikel
  5291 | D:6      | Reached skill level 11 in Axes
  5318 | D:6      | Reached XP level 9. HP: 57/70 MP: 9/9
  5328 | D:6      | Reached skill level 12 in Axes
  5869 | D:7      | Found an iron altar of Okawaru.
  5890 | D:7      | Reached ** piety under Ashenzari
  5944 | D:7      | Reached skill level 13 in Axes
  6422 | D:7      | Reached skill level 5 in Shields
  6430 | D:7      | Found a hazy altar of Hepliaklqana.
  6478 | D:7      | Found an ancient bone altar of Kikubaaqudgha.
  6766 | D:7      | Reached XP level 10. HP: 77/77 MP: 10/10
  6869 | D:7      | Reached skill level 5 in Fighting
  6959 | D:7      | Noticed a two-headed ogre
  6984 | D:7      | HP: 4/123 [two-headed ogre/+0 giant spiked club (24)]
  6986 | D:7      | Mangled by a two-headed ogre

Illustrated notes

Levels and vault maps discovered:
D:1:      dpeg_arrival_houses_and_road, layout_rooms
D:2:      layout_basic, roderic_lattice_a, hex_intersection, uniq_sigmund
D:3:      layout_rooms, serial_bayou, serial_bayou_ford_a, serial_bayou_shore_a,
          serial_bayou_lagoon_a, serial_bayou_pond_c
D:4:      layout_loops_ring, minmay_temple_entry_glassed_door
D:5:      layout_basic
D:6:      layout_loops_cross, grunt_temple_overflow_cloverleaf,
          bh_walls_and_bars, uniq_pikel
D:7:      lemuel_castle_with_subvaults [lemuel_castle_interior_carwin_1],
          layout_basic, nicolae_overflow_quartered_altars, okawaru_trees_2,
          serial_glass, glass_columns_a, glass_columns_a, glass_columns_c,
          glass_columns_c, hangedman_decor_points
Temple:   nicolae_temple_hex_pool

Skill      XL: |  1  2  3  4  5  6  7  8  9 10 |
---------------+-------------------------------+-----
Axes           | 3 4 7 8 9 11 13 | 13.1
Maces & Flails | 2 6 7 |  7.1
Shields        | 8 9 |  9.1
Fighting       | 5 |  5.6
Armour         | |  3.2

Action                   |  1- 3 |  4- 6 |  7- 9 | 10-12 || total
-------------------------+-------+-------+-------+-------++-------
Melee: War axe           |    49 |   114 |   247 |    67 ||   477
       Mace              |       |    10 |   105 |       ||   115
Throw: Boomerang         |    12 |     9 |    14 |       ||    35
       Dart              |       |       |    11 |       ||    11
Invok: Curse Item        |       |       |     3 |       ||     3
Evoke: Wand              |       |       |       |     6 ||     6
  Use: Potion            |     1 |       |     4 |     3 ||     8
       Scroll            |       |     8 |     7 |       ||    15
Armor: Scale mail        |    33 |    78 |   132 |    12 ||   255
       Plate armour      |       |       |       |     6 ||     6
Dodge: Dodged            |    24 |    75 |    89 |    12 ||   200
Block: Buckler           |     5 |    30 |    75 |       ||   110
       Kite shield       |       |       |   106 |    52 ||   158
       Reflection        |       |       |     3 |       ||     3

Table legend: (Time is in decaauts)
 A = Elapsed time spent in this place.
 B = Non-inter-level travel time spent in this place.
 C = Inter-level travel time spent in this place.
 D = Time resting spent in this place.
 E = Time spent auto-exploring this place.
 F = Levels seen in this place.
 G = Mean time per level.
                   A        B        C        D        E       F      G
               +--------+--------+--------+--------+--------+-----+--------+
         Total |   7043 |   6882 |    161 |   1374 |   3733 |   8 |  880.4 |
       Dungeon |   6938 |   6812 |    126 |   1374 |   3685 |   7 |  991.1 |
        Temple |    105 |     70 |     35 |      0 |     48 |   1 |  105.0 |
               +--------+--------+--------+--------+--------+-----+--------+

Top non-repeatable levels by time:
     D:5: 1212 daAuts
     D:7: 1207 daAuts
     D:6: 1159 daAuts
     D:2: 1126 daAuts
     D:4: 980 daAuts
     D:3: 697 daAuts
     D:1: 554 daAuts
  Temple: 105 daAuts
